PL
ATHLETIC CLUB KC @ DETROIT RENAISSANCE
07/19/2028
 
TOP OF THE 1ST
Athletic Club KC batting - Pitching for Detroit Renaissance : LHP Ernest Torres
Pitching: LHP Ernest Torres
Batting: RHB Pil-joong Pak 0-0: Ball
1-0: Ball
2-0: Called Strike
2-1: Foul Ball, location: 2F
2-2: Fly out, F8 (Flyball, 8LM)
Batting: RHB Dong-min Cho 0-0: Swinging Strike
0-1: Called Strike
0-2: Ball
1-2: Ball
2-2: Foul Ball, location: 2F
2-2: Ball
3-2: Ground out 5-3 (Groundball, 56S)
Batting: RHB David Edwards 0-0: Called Strike
0-1: Ball
1-1: Ball
2-1: Foul Ball, location: 2F
2-2: Fly out, F9 (Flyball, 9)
Top of the 1st over - 0 run(s), 0 hit(s), 0 error(s), 0 left on base; Athletic Club KC 0 - Detroit 0
BOTTOM OF THE 1ST
Detroit Renaissance batting - Pitching for Athletic Club KC : RHP Juan Torres
Pitching: RHP Juan Torres
Batting: SHB Ryan Forrest 0-0: Ball
1-0: Foul Ball, location: 2F
1-1: Ball
2-1: Fly out, F9 (Flyball, 9)
Batting: RHB Zong-yuan Fung 0-0: Ball
1-0: Fly out, F8 (Flyball, 8LS)
Batting: RHB Bernardo Herrera 0-0: Ball
1-0: Called Strike
1-1: Called Strike
1-2: Strikes out swinging
Bottom of the 1st over - 0 run(s), 0 hit(s), 0 error(s), 0 left on base; Athletic Club KC 0 - Detroit 0
TOP OF THE 2ND
Athletic Club KC batting - Pitching for Detroit Renaissance : LHP Ernest Torres
Batting: SHB Pedro Vázquez 0-0: Called Strike
0-1: Ball
1-1: Ball
2-1: Fly out, F8 (Flyball, 8RS)
Batting: RHB Dao-zi Dai 0-0: Swinging Strike
0-1: Ball
1-1: Ground out 6-3 (Groundball, 6)
Batting: RHB Todd Blake 0-0: Ball
1-0: Ball
2-0: Called Strike
2-1: Foul Ball, location: 2F
2-2: Strikes out looking
Top of the 2nd over - 0 run(s), 0 hit(s), 0 error(s), 0 left on base; Athletic Club KC 0 - Detroit 0
BOTTOM OF THE 2ND
Detroit Renaissance batting - Pitching for Athletic Club KC : RHP Juan Torres
Batting: RHB Ludwig Kluge 0-0: Ball
1-0: Ball
2-0: Fly out, F9 (Flyball, 9LS)
Batting: LHB Eric Thackston 0-0: SOLO HOME RUN (Flyball, 89XD), Distance : 392 ft
Batting: RHB Nate Cates 0-0: Foul Ball, location: 2F
0-1: Ball
1-1: Ball
2-1: Foul Ball, location: 2F
2-2: Ground out 6-3 (Groundball, 6)
Batting: RHB Brian Williams 0-0: SINGLE (Line Drive, 6)
Batting: LHB Greg Robinson 0-0: Called Strike
0-1: SINGLE (Line Drive, 4D)
Brian Williams to second
Runner from 2nd tries for 3rd, SAFE, throw made to third
Greg Robinson to second
Batting: RHB Kenneth Noid 0-0: Swinging Strike
0-1: Foul Ball, location: 2F
0-2: Strikes out swinging
Bottom of the 2nd over - 1 run(s), 3 hit(s), 0 error(s), 2 left on base; Athletic Club KC 0 - Detroit 1
TOP OF THE 3RD
Athletic Club KC batting - Pitching for Detroit Renaissance : LHP Ernest Torres
Batting: SHB Eric Moore 0-0: Bunted foul
0-1: Ball
1-1: Ball
2-1: Swinging Strike
2-2: Fly out, F9 (Flyball, 89D)
Batting: LHB Manuel Domínguez 0-0: Swinging Strike
0-1: Ball
1-1: Ball
2-1: Ground out U3 (Groundball, 34)
Batting: SHB Fernando Luna 0-0: Ball
1-0: Swinging Strike
1-1: Ball
2-1: Foul Ball, location: 2F
2-2: Strikes out swinging
Top of the 3rd over - 0 run(s), 0 hit(s), 0 error(s), 0 left on base; Athletic Club KC 0 - Detroit 1
BOTTOM OF THE 3RD
Detroit Renaissance batting - Pitching for Athletic Club KC : RHP Juan Torres
Batting: SHB Ryan Forrest 0-0: Ball
1-0: Swinging Strike
1-1: Fly out, F8 (Flyball, 8RM)
Batting: RHB Zong-yuan Fung 0-0: Ball
1-0: Swinging Strike
1-1: Swinging Strike
1-2: Strikes out swinging
Batting: RHB Bernardo Herrera 0-0: Foul Ball, location: 2F
0-1: Ground out 5-3 (Groundball, 56S)
Bottom of the 3rd over - 0 run(s), 0 hit(s), 0 error(s), 0 left on base; Athletic Club KC 0 - Detroit 1
TOP OF THE 4TH
Athletic Club KC batting - Pitching for Detroit Renaissance : LHP Ernest Torres
Batting: RHB Pil-joong Pak 0-0: Ground out 6-3 (Groundball, 6M)
Batting: RHB Dong-min Cho 0-0: Ball
1-0: Called Strike
1-1: Ground out U3 (Groundball, 34)
Batting: RHB David Edwards 0-0: Foul Ball, location: 2F
0-1: Swinging Strike
0-2: Ball
1-2: Foul Ball, location: 2F
1-2: Ball
2-2: SINGLE (Groundball, 56S) (infield hit)
Batting: SHB Pedro Vázquez 0-0: Ball
1-0: Ball
David Edwards steals 2nd base
2-0: Foul Ball, location: 2F
2-1: Foul Ball, location: 2F
2-2: Strikes out swinging
Top of the 4th over - 0 run(s), 1 hit(s), 0 error(s), 1 left on base; Athletic Club KC 0 - Detroit 1
BOTTOM OF THE 4TH
Detroit Renaissance batting - Pitching for Athletic Club KC : RHP Juan Torres
Batting: RHB Ludwig Kluge 0-0: Called Strike
0-1: Ball
1-1: Ball
2-1: SOLO HOME RUN (Flyball, 8LXD), Distance : 427 ft
Batting: LHB Eric Thackston 0-0: Called Strike
0-1: Ball
1-1: Ball
2-1: Foul Ball, location: 2F
2-2: Ball
3-2: Foul Ball, location: 2F
3-2: Base on Balls
Batting: RHB Nate Cates 0-0: Foul Ball, location: 2F
0-1: Foul Ball, location: 2F
0-2: Grounds into double play, 5-4-3 (Groundball, 5L)
Batting: RHB Brian Williams 0-0: Ball
1-0: Called Strike
1-1: Fly out, F4 (Line Drive, 4)
Bottom of the 4th over - 1 run(s), 1 hit(s), 0 error(s), 0 left on base; Athletic Club KC 0 - Detroit 2
TOP OF THE 5TH
Athletic Club KC batting - Pitching for Detroit Renaissance : LHP Ernest Torres
Batting: RHB Dao-zi Dai 0-0: Fly out, F8 (Flyball, 8LXD)
Batting: RHB Todd Blake 0-0: SOLO HOME RUN (Flyball, 7LD), Distance : 337 ft
Batting: SHB Eric Moore 0-0: Ball
1-0: Called Strike
1-1: Ball
2-1: Foul Ball, location: 2F
2-2: Fly out, F9 (Flyball, 9LM)
Batting: LHB Manuel Domínguez 0-0: Ball
1-0: Ball
2-0: Foul Ball, location: 2F
2-1: Called Strike
2-2: Foul Ball, location: 2F
2-2: Fly out, F4 (Popup, 4D)
Top of the 5th over - 1 run(s), 1 hit(s), 0 error(s), 0 left on base; Athletic Club KC 1 - Detroit 2
BOTTOM OF THE 5TH
Detroit Renaissance batting - Pitching for Athletic Club KC : RHP Juan Torres
Batting: LHB Greg Robinson 0-0: Foul Ball, location: 2F
0-1: Hit by Pitch
Batting: RHB Kenneth Noid 0-0: Ball
1-0: SINGLE (Groundball, 6MD)
Greg Robinson to second
Batting: SHB Ryan Forrest 0-0: Bunted foul
0-1: Sac Bunt - play at first, batter OUT! 1-4
Greg Robinson to third
Kenneth Noid to second
Batting: RHB Zong-yuan Fung 0-0: DOUBLE (Groundball, 3L)
Greg Robinson scores
Kenneth Noid scores
Batting: RHB Bernardo Herrera 0-0: Ball
1-0: Foul Ball, location: 2F
1-1: Ball
2-1: Foul Ball, location: 2F
2-2: Ball
3-2: Base on Balls
Batting: RHB Ludwig Kluge 0-0: Ball
1-0: Ball
2-0: Ball
3-0: SINGLE (Line Drive, 6MD)
Zong-yuan Fung to third
Bernardo Herrera to second
Runner from 3rd tries for Home, SAFE, throw made home
Bernardo Herrera to third
Ludwig Kluge to second
Batting: LHB Eric Thackston 0-0: Called Strike
0-1: TRIPLE (Flyball, 8RXD)
Bernardo Herrera scores
Ludwig Kluge scores
Pitching: RHP Hi-sang Pak
Batting: RHB Nate Cates 0-0: Ball
1-0: Swinging Strike
1-1: Swinging Strike
1-2: Ball
2-2: Ball
3-2: Strikes out swinging
Batting: RHB Brian Williams 0-0: Ball
1-0: Ball
2-0: Ball
3-0: Called Strike
3-1: Base on Balls
Batting: LHB Greg Robinson 0-0: Ball
1-0: Ball
2-0: Swinging Strike
2-1: Ball
3-1: Called Strike
3-2: Base on Balls
Brian Williams to second
Batting: RHB Kenneth Noid 0-0: Ball
1-0: Foul Ball, location: 2F
1-1: Called Strike
1-2: Ball
2-2: Ball
3-2: Strikes out looking
Bottom of the 5th over - 5 run(s), 4 hit(s), 0 error(s), 3 left on base; Athletic Club KC 1 - Detroit 7
TOP OF THE 6TH
Athletic Club KC batting - Pitching for Detroit Renaissance : LHP Ernest Torres
Batting: SHB Fernando Luna 0-0: Called Strike
0-1: Ground out 6-3 (Groundball, 6)
Batting: RHB Pil-joong Pak 0-0: Fly out, F8 (Flyball, 89D)
Batting: RHB Dong-min Cho 0-0: Ball
1-0: Foul Ball, location: 2F
1-1: Ball
2-1: Ball
3-1: Base on Balls
Batting: RHB David Edwards 0-0: Called Strike
0-1: Swinging Strike
0-2: Ball
Dong-min Cho steals 2nd base
1-2: Foul Ball, location: 2F
1-2: Foul Ball, location: 2F
1-2: Foul Ball, location: 2F
1-2: Ball
Wild Pitch!
Dong-min Cho to third
2-2: SINGLE (Line Drive, 56)
Dong-min Cho scores
Batting: SHB Pedro Vázquez 0-0: Ball
1-0: Foul Ball, location: 2F
1-1: Ball
2-1: Swinging Strike
2-2: Strikes out swinging
Top of the 6th over - 1 run(s), 1 hit(s), 0 error(s), 1 left on base; Athletic Club KC 2 - Detroit 7
BOTTOM OF THE 6TH
Detroit Renaissance batting - Pitching for Athletic Club KC : RHP Hi-sang Pak
Batting: SHB Ryan Forrest 0-0: Ball
1-0: Hit by Pitch
Batting: RHB Zong-yuan Fung 0-0: Called Strike
0-1: Ball
1-1: Swinging Strike
1-2: Grounds into double play, 5-4-3 (Groundball, 5)
Batting: RHB Bernardo Herrera 0-0: Fly out, F7 (Line Drive, 7LS)
Bottom of the 6th over - 0 run(s), 0 hit(s), 0 error(s), 0 left on base; Athletic Club KC 2 - Detroit 7
TOP OF THE 7TH
Athletic Club KC batting - Pitching for Detroit Renaissance : LHP Ernest Torres
Batting: RHB Dao-zi Dai 0-0: SINGLE (Flyball, 89S)
Batting: RHB Todd Blake 0-0: Ball
1-0: Ball
2-0: Fly out, F5 (Line Drive, 5)
Batting: SHB Eric Moore 0-0: Reached on error, E1 (Groundball, 13)
Dao-zi Dai to second
Batting: LHB Manuel Domínguez 0-0: Ball
1-0: SINGLE (Flyball, 78S)
Dao-zi Dai to third
Eric Moore to second
Batting: SHB Fernando Luna 0-0: SINGLE (Line Drive, 7LS)
Dao-zi Dai scores
Eric Moore to third
Manuel Domínguez to second
Runner from 3rd tries for Home, SAFE, no throw
Batting: RHB Pil-joong Pak 0-0: Fly out, F6 (Line Drive, 6M)
Batting: RHB Dong-min Cho 0-0: Called Strike
0-1: Called Strike
0-2: Ball
1-2: Fly out, F8 (Flyball, 8RM)
Top of the 7th over - 2 run(s), 3 hit(s), 1 error(s), 2 left on base; Athletic Club KC 4 - Detroit 7
BOTTOM OF THE 7TH
Detroit Renaissance batting - Pitching for Athletic Club KC : RHP Hi-sang Pak
Batting: RHB Ludwig Kluge 0-0: Called Strike
0-1: Swinging Strike
0-2: Strikes out swinging
Batting: LHB Eric Thackston 0-0: Ball
1-0: Fly out, F8 (Flyball, 8LM)
Batting: RHB Nate Cates 0-0: Called Strike
0-1: Ball
1-1: Ball
2-1: Foul Ball, location: 2F
2-2: Ball
3-2: SINGLE (Line Drive, 6MD)
Batting: RHB Brian Williams 0-0: Foul Ball, location: 2F
0-1: Ball
1-1: Swinging Strike
1-2: Ball
2-2: Strikes out swinging
Bottom of the 7th over - 0 run(s), 1 hit(s), 0 error(s), 1 left on base; Athletic Club KC 4 - Detroit 7
TOP OF THE 8TH
Athletic Club KC batting - Pitching for Detroit Renaissance : LHP Ernest Torres
Batting: RHB David Edwards 0-0: Swinging Strike
0-1: Ball
1-1: Ball
2-1: Foul Ball, location: 2F
2-2: Fly out, F9 (Flyball, 9)
Batting: SHB Pedro Vázquez 0-0: Called Strike
0-1: Called Strike
0-2: Ball
1-2: Foul Ball, location: 2F
1-2: Strikes out swinging
Batting: RHB Dao-zi Dai 0-0: Ball
1-0: Ball
2-0: Called Strike
2-1: Ground out 1-3 (Groundball, P)
Top of the 8th over - 0 run(s), 0 hit(s), 0 error(s), 0 left on base; Athletic Club KC 4 - Detroit 7
BOTTOM OF THE 8TH
Detroit Renaissance batting - Pitching for Athletic Club KC : RHP Hi-sang Pak
Batting: LHB Greg Robinson 0-0: Ball
1-0: Called Strike
1-1: Ball
2-1: Foul Ball, location: 2F
2-2: Foul Ball, location: 2F
2-2: Strikes out swinging
Pitching: RHP Jackson Haines
Batting: RHB Kenneth Noid 0-0: Foul Ball, location: 2F
0-1: Foul Ball, location: 2F
0-2: Strikes out swinging
Batting: SHB Ryan Forrest 0-0: Called Strike
0-1: Ball
1-1: Foul Ball, location: 2F
1-2: Strikes out swinging
Bottom of the 8th over - 0 run(s), 0 hit(s), 0 error(s), 0 left on base; Athletic Club KC 4 - Detroit 7
TOP OF THE 9TH
Athletic Club KC batting - Pitching for Detroit Renaissance : LHP Ernest Torres
Pitching: RHP Bruce Wright
Batting: RHB Todd Blake 0-0: Ball
1-0: Fly out, F9 (Flyball, 9S)
Batting: SHB Eric Moore 0-0: Ball
1-0: Called Strike
1-1: Foul Ball, location: 2F
1-2: Fly out, F5 (Flyball, 5D)
Batting: LHB Manuel Domínguez 0-0: Called Strike
0-1: Ball
1-1: Ball
2-1: Foul Ball, location: 2F
2-2: Fly out, F2 (Popup, 15S)
Top of the 9th over - 0 run(s), 0 hit(s), 0 error(s), 0 left on base; Athletic Club KC 4 - Detroit 7
Wednesday, August 16th, 2017 - OOTP Baseball 17.12 Build 75